Tampa Bay Lightning vs Winnipeg Jets
Created - Monday, May 13, 2024 at 07:22
Goals
|
| Tampa Bay Lightning |
0 |
1 |
0 |
0 |
1 |
2 |
| Winnipeg Jets |
0 |
1 |
0 |
0 |
0 |
1 |
|
Shots
|
| Tampa Bay Lightning |
9 |
11 |
13 |
1 |
3 |
34 |
| Winnipeg Jets |
11 |
13 |
9 |
1 |
3 |
34 |
|
1st period
No Goal
Penalties :
No Penalty
2nd period
1. Tampa Bay Lightning , Kirill Kaprizov 25 (Johnny Gaudreau 47, Anze Kopitar 44) at 1:38
2. Winnipeg Jets , Sam Steel 7 (Nick Suzuki 50, Kaiden Guhle 14) at 6:52
Penalties :
Calen Addison (WPG) for Holding (Minor) at 8:43, Kirill Kaprizov (TBL) for Hooking (Minor) at 11:39, Kirill Kaprizov (TBL) for Hooking (Minor) at 19:22
3rd period
No Goal
Penalties :
Barclay Goodrow (WPG) for Holding Stick (Minor) at 7:38, Michael Matheson (TBL) for Holding (Minor) at 15:16
Overtime #1
No Goal
Penalties :
No Penalty
Shootout
Tampa Bay Lightning, Gustav Nyquist - Stopped by Spencer Knight
Winnipeg Jets, Connor McDavid - Stopped by Filip Gustavsson
Tampa Bay Lightning, Kirill Kaprizov - Goal!
Winnipeg Jets, Nick Suzuki - Shot Misses the Net
Tampa Bay Lightning, Logan Couture - Stopped by Spencer Knight
Winnipeg Jets, Alex DeBrincat - Shot Misses the Net
Penalties :
No Penalty
Goalie Stats
Filip Gustavsson (TBL), 33 saves from 34 shots - (0.971), W, 35-15-3, 65:00 minutes
Spencer Knight (WPG), 33 saves from 34 shots - (0.971), OTL, 14-22-10, 65:00 minutes
Players Stats for Tampa Bay Lightning
Player Name G A P +/- PIM S H SB GA TA FO MP PP MP PK MP
------------------------------------------------------------------------------------
Anze Kopitar 0 1 1 1 0 0 1 1 0 0 13/22 20:42 2:00 0:14
Blake Lizotte 0 0 0 0 0 0 0 0 0 0 0/0 0:19 0:00 0:00
Darnell Nurse 0 0 0 0 0 3 2 2 0 1 0/0 25:39 1:49 3:19
Dylan Cozens 0 0 0 0 0 1 0 0 2 0 1/3 19:34 0:00 3:03
Gustav Nyquist 0 0 0 -1 0 4 0 0 0 0 0/1 16:33 0:00 2:54
Hampus Lindholm 0 0 0 0 0 0 5 3 0 1 0/0 21:45 1:49 0:00
Johnny Gaudreau 0 1 1 1 0 2 1 0 0 0 0/0 18:39 1:58 0:00
Kirill Kaprizov 1 0 1 1 4 10 0 2 2 0 0/0 19:44 2:00 0:00
Logan Couture 0 0 0 0 0 3 2 0 1 0 12/25 20:28 1:58 2:54
Michael Matheson 0 0 0 0 2 3 0 0 0 2 0/0 18:15 2:09 0:00
Moritz Seider 0 0 0 0 0 1 2 2 0 1 0/0 26:01 2:09 2:38
Roope Hintz 0 0 0 -1 0 0 1 1 0 0 2/3 14:46 2:00 0:00
Ryan Graves 0 0 0 0 0 1 0 0 0 2 0/0 18:39 0:00 2:38
Tomas Hertl 0 0 0 0 0 1 0 1 0 0 4/5 9:05 0:00 0:00
Travis Konecny 0 0 0 0 0 4 3 0 1 0 0/1 20:01 1:58 0:00
Trevor Moore 0 0 0 -1 0 0 3 0 1 0 0/0 16:25 0:00 2:49
Tyler Toffoli 0 0 0 0 0 0 0 0 0 0 0/1 7:30 0:00 0:00
Vladislav Gavrikov 0 0 0 0 0 1 1 0 0 1 0/0 19:55 0:00 3:19
Players Stats for Winnipeg Jets
Player Name G A P +/- PIM S H SB GA TA FO MP PP MP PK MP
------------------------------------------------------------------------------------
Alex DeBrincat 0 0 0 0 0 0 4 0 0 0 0/2 21:23 3:03 2:01
Andrew Cogliano 0 0 0 0 0 3 1 0 1 0 1/2 14:24 0:00 0:00
Barclay Goodrow 0 0 0 -1 2 0 2 0 1 0 1/2 16:55 2:54 0:00
Calen Addison 0 0 0 1 2 1 1 0 0 1 0/0 16:33 0:00 0:00
Connor McDavid 0 0 0 0 0 2 2 0 0 2 11/15 21:13 3:03 1:57
Dante Fabbro 0 0 0 -1 0 2 1 1 0 1 0/0 26:06 2:47 2:00
Dylan Samberg 0 0 0 0 0 0 1 0 0 1 0/0 22:42 3:10 1:58
Joel Armia 0 0 0 0 0 2 4 0 0 0 0/1 14:17 0:00 0:04
John Hayden 0 0 0 1 0 0 0 0 0 0 0/0 7:58 0:00 0:00
Jordan Harris 0 0 0 1 0 0 2 0 0 0 0/0 15:58 0:00 0:00
Kaapo Kakko 0 0 0 -1 0 4 1 0 0 0 0/2 16:52 2:54 0:00
Kaiden Guhle 0 1 1 -1 0 3 0 2 0 0 0/0 26:07 2:47 2:00
Lucas Raymond 0 0 0 0 0 6 3 0 1 0 0/0 21:11 3:03 1:57
Matthew Beniers 0 0 0 0 0 2 0 0 1 0 4/7 14:28 0:00 0:00
Nathan Beaulieu 0 0 0 0 0 1 0 1 0 1 0/0 22:42 3:10 1:58
Nick Suzuki 0 1 1 -1 0 3 1 0 4 1 10/26 20:53 2:54 1:57
Sam Steel 1 0 1 1 0 4 1 0 0 0 1/3 7:58 0:00 0:00
Yegor Sharangovich 0 0 0 1 0 1 1 0 0 0 1/1 8:20 0:00 0:00
3 Stars
1 - Filip Gustavsson (TBL)
2 - Spencer Knight (WPG)
3 - Sam Steel (WPG)
Power Play
Tampa Bay Lightning - 0 on 2 Attempt(s) - 0.00%
Winnipeg Jets - 0 on 3 Attempt(s) - 0.00%
Penalty Kill
Tampa Bay Lightning - 3 on 3 Attempt(s) - 100.00%
- Score 0 goal in Penalty Kill
Winnipeg Jets - 2 on 2 Attempt(s) - 100.00%
- Score 0 goal in Penalty Kill
Team Stat
Tampa Bay Lightning - Hits : 21 - Faceoff Wins : 32 - Blocked Shots : 12 - Penalty Minutes : 6
Winnipeg Jets - Hits : 25 - Faceoff Wins : 29 - Blocked Shots : 4 - Penalty Minutes : 4
Official
Referees : Justin StPierre and Steve Kozari
Linesman : Bryan Pancich and Tony Sericolo
Game Notes
11:55 of 2nd period - Winnipeg Jets goal is going for a video replay. After video review, No Goal. The net was displaced accidentally.
Finance
Level 1 -- Attendance: 5339 (88.98%) -- Ticket Income $491,188
Level 2 -- Attendance: 4256 (85.12%) -- Ticket Income $234,080
Level 3 -- Attendance: 2736 (91.20%) -- Ticket Income $82,080
Level 4 -- Attendance: 4285 (85.70%) -- Ticket Income $94,270
Luxury Box -- Attendance: 861 (86.10%) -- Ticket Income $163,590
Game was played at the MTS Centre.
Total Attendance: 17477 (87.39%)
Total Ticket Income: $1,065,208
Other Income: $372,823
Total Income: $1,438,031
Tampa Bay Lightning
5 vs 5 Forward
Center Left Wing Right Wing Time % Phy DF OF
1 Anze Kopitar Johnny Gaudreau Kirill Kaprizov 40 0 1 4
2 Logan Couture Dylan Cozens Travis Konecny 35 0 1 4
3 Roope Hintz Trevor Moore Gustav Nyquist 20 0 3 2
4 Tomas Hertl Travis Konecny Tyler Toffoli 5 0 3 2
5 vs 5 Defense
Defense Defense Time % Phy DF OF
1 Darnell Nurse Moritz Seider 40 1 3 1
2 Vladislav Gavrikov Hampus Lindholm 35 1 3 1
3 Michael Matheson Ryan Graves 25 1 3 1
4 Darnell Nurse Hampus Lindholm 0 1 3 1
PowerPlay Forward
Center Left Wing Right Wing Time % Phy DF OF
1 Logan Couture Johnny Gaudreau Travis Konecny 50 0 0 5
2 Anze Kopitar Roope Hintz Kirill Kaprizov 50 0 0 5
PowerPlay Defense
Defense Defense Time % Phy DF OF
1 Moritz Seider Michael Matheson 50 0 2 3
2 Darnell Nurse Hampus Lindholm 50 0 2 3
Penalty Kill 4 Players Forward
Center Wing Time % Phy DF OF
1 Logan Couture Gustav Nyquist 50 1 4 0
2 Dylan Cozens Trevor Moore 50 1 4 0
Penalty Kill 4 Players Defense
Defense Defense Time % Phy DF OF
1 Vladislav Gavrikov Darnell Nurse 50 1 4 0
2 Ryan Graves Moritz Seider 50 1 4 0
Penalty Kill - 3 Players Forward
Forward Time % Phy DF OF
1 Anze Kopitar 50 1 4 0
2 Logan Couture 50 1 4 0
Penalty Kill - 3 Players Defense
Defense Defense Time % Phy DF OF
1 Vladislav Gavrikov Darnell Nurse 50 1 4 0
2 Ryan Graves Moritz Seider 50 1 4 0
4 vs 4 Forward
Center Wing Time % Phy DF OF
1 Anze Kopitar Dylan Cozens 50 0 3 2
2 Logan Couture Tomas Hertl 50 0 3 2
4 vs 4 Defense
Defense Defense Time % Phy DF OF
1 Darnell Nurse Hampus Lindholm 50 1 3 1
2 Moritz Seider Michael Matheson 50 1 3 1
Last Minutes Offensive
Center Left Wing Right Wing Defense Defense
Anze Kopitar Kirill Kaprizov Travis Konecny Darnell Nurse Hampus Lindholm
Last Minutes Defensive
Center Left Wing Right Wing Defense Defense
Anze Kopitar Kirill Kaprizov Travis Konecny Darnell Nurse Hampus Lindholm
Goaltenders
Starting : Filip Gustavsson
Backup : Jeremy Swayman
Extra Forwards
Normal : Dylan Cozens, Trevor Moore, Roope Hintz - PP : Dylan Cozens, Tyler Toffoli - PK : Anze Kopitar
Extra Defensemen
Normal : Moritz Seider, Darnell Nurse, Michael Matheson - PP : Ryan Graves - PK : Hampus Lindholm, Darnell Nurse
Penalty Shots
Gustav Nyquist, Kirill Kaprizov, Logan Couture, Trevor Moore, Anze Kopitar
Winnipeg Jets
5 vs 5 Forward
Center Left Wing Right Wing Time % Phy DF OF
1 Connor McDavid Alex DeBrincat Lucas Raymond 30 1 2 2
2 Nick Suzuki Barclay Goodrow Kaapo Kakko 30 1 2 2
3 Matthew Beniers Andrew Cogliano Joel Armia 25 1 2 2
4 Sam Steel Yegor Sharangovich John Hayden 15 1 2 2
5 vs 5 Defense
Defense Defense Time % Phy DF OF
1 Dante Fabbro Kaiden Guhle 30 1 2 2
2 Nathan Beaulieu Dylan Samberg 30 1 2 2
3 Calen Addison Jordan Harris 25 1 2 2
4 Dante Fabbro Kaiden Guhle 15 1 2 2
PowerPlay Forward
Center Left Wing Right Wing Time % Phy DF OF
1 Connor McDavid Alex DeBrincat Lucas Raymond 50 1 2 2
2 Nick Suzuki Barclay Goodrow Kaapo Kakko 50 1 2 2
PowerPlay Defense
Defense Defense Time % Phy DF OF
1 Dante Fabbro Kaiden Guhle 50 1 2 2
2 Nathan Beaulieu Dylan Samberg 50 1 2 2
Penalty Kill 4 Players Forward
Center Wing Time % Phy DF OF
1 Connor McDavid Nick Suzuki 50 1 2 2
2 Alex DeBrincat Lucas Raymond 50 1 2 2
Penalty Kill 4 Players Defense
Defense Defense Time % Phy DF OF
1 Dante Fabbro Kaiden Guhle 50 1 2 2
2 Nathan Beaulieu Dylan Samberg 50 1 2 2
Penalty Kill - 3 Players Forward
Forward Time % Phy DF OF
1 Connor McDavid 50 1 2 2
2 Nick Suzuki 50 1 2 2
Penalty Kill - 3 Players Defense
Defense Defense Time % Phy DF OF
1 Dante Fabbro Kaiden Guhle 50 1 2 2
2 Nathan Beaulieu Dylan Samberg 50 1 2 2
4 vs 4 Forward
Center Wing Time % Phy DF OF
1 Connor McDavid Nick Suzuki 50 1 2 2
2 Alex DeBrincat Lucas Raymond 50 1 2 2
4 vs 4 Defense
Defense Defense Time % Phy DF OF
1 Dante Fabbro Kaiden Guhle 50 1 2 2
2 Nathan Beaulieu Dylan Samberg 50 1 2 2
Last Minutes Offensive
Center Left Wing Right Wing Defense Defense
Connor McDavid Alex DeBrincat Lucas Raymond Dante Fabbro Kaiden Guhle
Last Minutes Defensive
Center Left Wing Right Wing Defense Defense
Connor McDavid Alex DeBrincat Lucas Raymond Dante Fabbro Kaiden Guhle
Goaltenders
Starting : Spencer Knight
Backup : Pavel Francouz
Extra Forwards
Normal : Matthew Beniers, Andrew Cogliano, Joel Armia - PP : Matthew Beniers, Andrew Cogliano - PK : Joel Armia
Extra Defensemen
Normal : Calen Addison, Jordan Harris, Nathan Beaulieu - PP : Calen Addison - PK : Jordan Harris, Nathan Beaulieu
Penalty Shots
Connor McDavid, Nick Suzuki, Alex DeBrincat, Lucas Raymond, Matthew Beniers
% Time on Ice - Tampa Bay Lightning
Lines # - Real PCT - Wanted PCT - Time Play
Normal Forward
1 - 37% - 40% - 18:18
2 - 26% - 35% - 12:52
3 - 24% - 20% - 11:48
4 - 14% - 5% - 7:07
Normal Defense
1 - 33% - 40% - 16:38
2 - 37% - 35% - 18:23
3 - 27% - 25% - 13:38
4 - 3% - 0% - 1:26
PP Forward
1 - 50% - 50% - 1:58
2 - 50% - 50% - 2:00
PP Defense
1 - 54% - 50% - 2:09
2 - 46% - 50% - 1:49
PK Forward
1 - 49% - 50% - 2:54
2 - 51% - 50% - 3:03
PK Defense
1 - 56% - 50% - 3:19
2 - 44% - 50% - 2:38
PK3 Forward
1 - 0% - 50%
2 - 0% - 50%
PK3 Defense
1 - 0% - 50%
2 - 0% - 50%
44 Forward
1 - 41% - 50% - 2:03
2 - 59% - 50% - 2:57
44 Defense
1 - 51% - 50% - 2:34
2 - 49% - 50% - 2:26
Last Minute Offensive - 0:00
Last Minute Defensive - 0:00
Total
Forward - 65:00
Defense - 65:00
|
% Time on Ice - Winnipeg Jets
Lines # - Real PCT - Wanted PCT - Time Play
Normal Forward
1 - 29% - 30% - 14:33
2 - 28% - 30% - 14:11
3 - 27% - 25% - 13:23
4 - 16% - 15% - 7:58
Normal Defense
1 - 28% - 30% - 13:52
2 - 30% - 30% - 15:13
3 - 31% - 25% - 15:28
4 - 11% - 15% - 5:32
PP Forward
1 - 51% - 50% - 3:03
2 - 49% - 50% - 2:54
PP Defense
1 - 47% - 50% - 2:47
2 - 53% - 50% - 3:10
PK Forward
1 - 49% - 50% - 1:57
2 - 51% - 50% - 2:01
PK Defense
1 - 50% - 50% - 2:00
2 - 50% - 50% - 1:58
PK3 Forward
1 - 0% - 50%
2 - 0% - 50%
PK3 Defense
1 - 0% - 50%
2 - 0% - 50%
44 Forward
1 - 46% - 50% - 2:17
2 - 54% - 50% - 2:43
44 Defense
1 - 53% - 50% - 2:39
2 - 47% - 50% - 2:21
Last Minute Offensive - 0:00
Last Minute Defensive - 0:00
Total
Forward - 65:00
Defense - 65:00
|
Play-by-Play
1st period
0:01 of 1st period - Anze Kopitar wins face-off versus Connor McDavid in neutral zone.
0:06 of 1st period - Wrist shot by Kirill Kaprizov.
0:06 of 1st period - Stopped by Spencer Knight without a rebound.
0:07 of 1st period - Anze Kopitar wins face-off versus Connor McDavid in Winnipeg Jets zone.
0:22 of 1st period - Wrist shot by Lucas Raymond.
0:22 of 1st period - Shot Blocked by Anze Kopitar.
1:00 of 1st period - Wrist shot by Lucas Raymond.
1:00 of 1st period - Stopped by Filip Gustavsson with a rebound.
1:02 of 1st period - Slapshot by Dante Fabbro.
1:02 of 1st period - Shot Blocked by Moritz Seider.
1:04 of 1st period - Slapshot by Dante Fabbro.
1:04 of 1st period - Deflect By Moritz Seider.
1:04 of 1st period - Stopped by Filip Gustavsson with a rebound.
1:06 of 1st period - Snap shot by Dante Fabbro.
1:06 of 1st period - Shot Misses the Net.
1:08 of 1st period - Slapshot by Dante Fabbro.
1:08 of 1st period - Stopped by Filip Gustavsson with a rebound.
1:10 of 1st period - Slapshot by Kaiden Guhle.
1:10 of 1st period - Stopped by Filip Gustavsson with a rebound.
1:12 of 1st period - Slapshot by Kaiden Guhle.
1:12 of 1st period - Deflect By Moritz Seider.
1:12 of 1st period - Stopped by Filip Gustavsson with a rebound.
1:24 of 1st period - Slapshot by Lucas Raymond.
1:24 of 1st period - Deflect By Anze Kopitar.
1:24 of 1st period - Shot Blocked by Moritz Seider.
1:24 of 1st period - Puck is out of play.
1:25 of 1st period - Nick Suzuki wins face-off versus Logan Couture in Tampa Bay Lightning zone.
1:26 of 1st period - Wrist shot by Kaapo Kakko.
1:26 of 1st period - Deflect By Dylan Cozens.
1:26 of 1st period - Shot Blocked by Hampus Lindholm.
1:26 of 1st period - Puck is out of play.
1:27 of 1st period - Nick Suzuki wins face-off versus Logan Couture in Tampa Bay Lightning zone.
1:35 of 1st period - Off-side.
1:36 of 1st period - Logan Couture wins face-off versus Joel Armia in neutral zone.
1:43 of 1st period - Wrist shot by Travis Konecny.
1:43 of 1st period - Shot Misses the Net.
2:00 of 1st period - Icing by Jordan Harris.
2:01 of 1st period - Nick Suzuki wins face-off versus Roope Hintz in Winnipeg Jets zone.
2:32 of 1st period - Wrist shot by Sam Steel.
2:32 of 1st period - Shot Misses the Net.
2:34 of 1st period - Snap shot by Yegor Sharangovich.
2:34 of 1st period - Shot Blocked by Hampus Lindholm.
3:08 of 1st period - Vladislav Gavrikov is hit by Lucas Raymond and loses puck.
3:15 of 1st period - Snap shot by Lucas Raymond.
3:15 of 1st period - Shot Misses the Net.
3:28 of 1st period - Off-side.
3:29 of 1st period - Anze Kopitar wins face-off versus Nick Suzuki in neutral zone.
4:25 of 1st period - Snap shot by Travis Konecny.
4:25 of 1st period - Stopped by Spencer Knight with a rebound.
4:43 of 1st period - Slapshot by Lucas Raymond.
4:43 of 1st period - Stopped by Filip Gustavsson without a rebound.
4:44 of 1st period - Anze Kopitar wins face-off versus Nick Suzuki in Tampa Bay Lightning zone.
5:16 of 1st period - Nathan Beaulieu is hit by Trevor Moore and loses puck.
5:37 of 1st period - John Hayden is hit by Hampus Lindholm and loses puck.
5:52 of 1st period - Johnny Gaudreau is hit by Jordan Harris.
7:03 of 1st period - Snap shot by Lucas Raymond.
7:03 of 1st period - Stopped by Filip Gustavsson without a rebound.
7:04 of 1st period - Logan Couture wins face-off versus Nick Suzuki in Tampa Bay Lightning zone.
8:20 of 1st period - Snap shot by Kirill Kaprizov.
8:20 of 1st period - Shot Hit the Post.
8:22 of 1st period - Slapshot by Kirill Kaprizov.
8:22 of 1st period - Stopped by Spencer Knight with a rebound.
8:30 of 1st period - Nick Suzuki is hit by Anze Kopitar and loses puck.
8:51 of 1st period - Snap shot by Matthew Beniers.
8:51 of 1st period - Deflect By Andrew Cogliano.
8:51 of 1st period - Shot Misses the Net.
8:51 of 1st period - Puck is out of play.
8:52 of 1st period - Logan Couture wins face-off versus Sam Steel in Tampa Bay Lightning zone.
8:57 of 1st period - Snap shot by Sam Steel.
8:57 of 1st period - Deflect By Yegor Sharangovich.
8:57 of 1st period - Shot Misses the Net.
8:57 of 1st period - Puck is out of play.
8:58 of 1st period - Yegor Sharangovich wins face-off versus Logan Couture in Tampa Bay Lightning zone.
9:01 of 1st period - Snap shot by Sam Steel.
9:01 of 1st period - Stopped by Filip Gustavsson without a rebound.
9:02 of 1st period - Logan Couture wins face-off versus Sam Steel in Tampa Bay Lightning zone.
9:20 of 1st period - Wrist shot by Sam Steel.
9:20 of 1st period - Stopped by Filip Gustavsson without a rebound.
9:21 of 1st period - Anze Kopitar wins face-off versus Nick Suzuki in Tampa Bay Lightning zone.
9:28 of 1st period - Slapshot by Kirill Kaprizov.
9:28 of 1st period - Stopped by Spencer Knight without a rebound.
9:29 of 1st period - Anze Kopitar wins face-off versus Barclay Goodrow in Winnipeg Jets zone.
10:14 of 1st period - Snap shot by Kirill Kaprizov.
10:14 of 1st period - Stopped by Spencer Knight with a rebound.
10:16 of 1st period - Snap shot by Kirill Kaprizov.
10:16 of 1st period - Shot Blocked by Kaiden Guhle.
10:18 of 1st period - Wrist shot by Moritz Seider.
10:18 of 1st period - Stopped by Spencer Knight with a rebound.
10:20 of 1st period - Snap shot by Johnny Gaudreau.
10:20 of 1st period - Deflect By Kirill Kaprizov.
10:20 of 1st period - Shot Blocked by Dante Fabbro.
10:20 of 1st period - Puck is out of play.
10:21 of 1st period - Matthew Beniers wins face-off versus Logan Couture in Winnipeg Jets zone.
11:33 of 1st period - Moritz Seider is hit by Joel Armia and loses puck.
11:46 of 1st period - Snap shot by Kaapo Kakko.
11:46 of 1st period - Shot Misses the Net.
11:48 of 1st period - Snap shot by Barclay Goodrow.
11:48 of 1st period - Shot Blocked by Darnell Nurse.
11:50 of 1st period - Wrist shot by Nick Suzuki.
11:50 of 1st period - Shot Misses the Net.
12:06 of 1st period - Slapshot by Kirill Kaprizov.
12:06 of 1st period - Shot Misses the Net.
12:08 of 1st period - Snap shot by Anze Kopitar.
12:08 of 1st period - Shot Misses the Net.
12:14 of 1st period - Snap shot by Johnny Gaudreau.
12:14 of 1st period - Deflect By Kirill Kaprizov.
12:14 of 1st period - Stopped by Spencer Knight with a rebound.
13:29 of 1st period - Hampus Lindholm is hit by Sam Steel and loses puck.
14:40 of 1st period - Off-side.
14:41 of 1st period - Connor McDavid wins face-off versus Logan Couture in neutral zone.
15:10 of 1st period - Off-side.
15:11 of 1st period - Anze Kopitar wins face-off versus Matthew Beniers in neutral zone.
15:22 of 1st period - Wrist shot by Johnny Gaudreau.
15:22 of 1st period - Stopped by Spencer Knight with a rebound.
15:32 of 1st period - Wrist shot by Andrew Cogliano.
15:32 of 1st period - Stopped by Filip Gustavsson with a rebound.
15:34 of 1st period - Slapshot by Kaiden Guhle.
15:34 of 1st period - Shot Misses the Net.
15:36 of 1st period - Snap shot by Matthew Beniers.
15:36 of 1st period - Shot Misses the Net.
16:02 of 1st period - Backhand shot by Johnny Gaudreau.
16:02 of 1st period - Shot Misses the Net.
16:39 of 1st period - Wrist shot by Kirill Kaprizov.
16:39 of 1st period - Stopped by Spencer Knight without a rebound.
16:40 of 1st period - Logan Couture wins face-off versus Nick Suzuki in Winnipeg Jets zone.
17:05 of 1st period - Dante Fabbro is hit by Roope Hintz and loses puck.
17:16 of 1st period - Snap shot by Connor McDavid.
17:16 of 1st period - Shot Misses the Net.
17:26 of 1st period - Snap shot by Yegor Sharangovich.
17:26 of 1st period - Stopped by Filip Gustavsson with a rebound.
Goals for this period are 0 for Tampa Bay Lightning vs 0 for Winnipeg Jets.
Shots for this period are 9 for Tampa Bay Lightning vs 11 for Winnipeg Jets.
2nd period
0:01 of 2nd period - Logan Couture wins face-off versus Nick Suzuki in neutral zone.
0:16 of 2nd period - Snap shot by Kaapo Kakko.
0:16 of 2nd period - Stopped by Filip Gustavsson without a rebound.
0:17 of 2nd period - Anze Kopitar wins face-off versus Connor McDavid in Tampa Bay Lightning zone.
0:17 of 2nd period - Anze Kopitar is hit by Connor McDavid.
0:24 of 2nd period - Off-side.
0:25 of 2nd period - Connor McDavid wins face-off versus Anze Kopitar in neutral zone.
0:39 of 2nd period - Snap shot by Lucas Raymond.
0:39 of 2nd period - Stopped by Filip Gustavsson without a rebound.
0:40 of 2nd period - Nick Suzuki wins face-off versus Logan Couture in Tampa Bay Lightning zone.
0:55 of 2nd period - Kaiden Guhle is hit by Travis Konecny and loses puck.
1:06 of 2nd period - Dante Fabbro is hit by Hampus Lindholm and loses puck.
1:12 of 2nd period - Icing by Andrew Cogliano.
1:13 of 2nd period - Matthew Beniers wins face-off versus Logan Couture in Winnipeg Jets zone.
1:26 of 2nd period - Snap shot by Dylan Cozens.
1:26 of 2nd period - Shot Misses the Net.
1:28 of 2nd period - Snap shot by Travis Konecny.
1:28 of 2nd period - Stopped by Spencer Knight without a rebound.
1:29 of 2nd period - Anze Kopitar wins face-off versus Nick Suzuki in Winnipeg Jets zone.
1:34 of 2nd period - Wrist shot by Kirill Kaprizov.
1:34 of 2nd period - Stopped by Spencer Knight with a rebound.
1:36 of 2nd period - Snap shot by Kirill Kaprizov.
1:36 of 2nd period - Stopped by Spencer Knight with a rebound.
1:38 of 2nd period - Snap shot by Kirill Kaprizov.
1:38 of 2nd period - Goal by Kirill Kaprizov - Tampa Bay Lightning : 1 - Winnipeg Jets : 0.
1:39 of 2nd period - Nick Suzuki wins face-off versus Logan Couture in neutral zone.
1:52 of 2nd period - Snap shot by Nick Suzuki.
1:52 of 2nd period - Stopped by Filip Gustavsson with a rebound.
1:54 of 2nd period - Slapshot by Kaiden Guhle.
1:54 of 2nd period - Stopped by Filip Gustavsson with a rebound.
2:04 of 2nd period - Darnell Nurse is hit by Joel Armia and loses puck.
2:15 of 2nd period - Wrist shot by Matthew Beniers.
2:15 of 2nd period - Shot Misses the Net.
3:14 of 2nd period - Wrist shot by Travis Konecny.
3:14 of 2nd period - Stopped by Spencer Knight with a rebound.
3:16 of 2nd period - Slapshot by Darnell Nurse.
3:16 of 2nd period - Stopped by Spencer Knight without a rebound.
3:17 of 2nd period - Tomas Hertl wins face-off versus Nick Suzuki in Winnipeg Jets zone.
3:46 of 2nd period - Snap shot by Gustav Nyquist.
3:46 of 2nd period - Stopped by Spencer Knight with a rebound.
3:48 of 2nd period - Slapshot by Roope Hintz.
3:48 of 2nd period - Deflect By Trevor Moore.
3:48 of 2nd period - Shot Misses the Net.
3:48 of 2nd period - Puck is out of play.
3:49 of 2nd period - Connor McDavid wins face-off versus Anze Kopitar in Winnipeg Jets zone.
5:01 of 2nd period - Snap shot by Kaapo Kakko.
5:01 of 2nd period - Shot Blocked by Hampus Lindholm.
5:17 of 2nd period - Wrist shot by Travis Konecny.
5:17 of 2nd period - Shot Misses the Net.
5:54 of 2nd period - Alex DeBrincat is hit by Trevor Moore and loses puck.
6:52 of 2nd period - Snap shot by Sam Steel.
6:52 of 2nd period - Goal by Sam Steel - Tampa Bay Lightning : 1 - Winnipeg Jets : 1.
6:53 of 2nd period - Logan Couture wins face-off versus Nick Suzuki in neutral zone.
7:31 of 2nd period - Wrist shot by Kirill Kaprizov.
7:31 of 2nd period - Shot Misses the Net.
7:41 of 2nd period - Roope Hintz is hit by Alex DeBrincat and loses puck.
8:06 of 2nd period - Wrist shot by Dylan Cozens.
8:06 of 2nd period - Stopped by Spencer Knight with a rebound.
8:08 of 2nd period - Snap shot by Travis Konecny.
8:08 of 2nd period - Stopped by Spencer Knight without a rebound.
8:09 of 2nd period - Logan Couture wins face-off versus Nick Suzuki in Winnipeg Jets zone.
8:22 of 2nd period - Wrist shot by Logan Couture.
8:22 of 2nd period - Stopped by Spencer Knight without a rebound.
8:23 of 2nd period - Matthew Beniers wins face-off versus Logan Couture in Winnipeg Jets zone.
8:23 of 2nd period - Matthew Beniers is hit by Vladislav Gavrikov.
8:43 of 2nd period - Minor Penalty to Calen Addison for Holding.
8:44 of 2nd period - Connor McDavid wins face-off versus Travis Konecny in Winnipeg Jets zone.
9:46 of 2nd period - Dylan Samberg is hit by Travis Konecny and loses puck.
10:43 of 2nd period - Penalty to Calen Addison is over, Calen Addison is back on ice.
10:51 of 2nd period - Wrist shot by Tomas Hertl.
10:51 of 2nd period - Stopped by Spencer Knight without a rebound.
10:52 of 2nd period - Tomas Hertl wins face-off versus Andrew Cogliano in Winnipeg Jets zone.
10:58 of 2nd period - Icing by Jordan Harris.
10:59 of 2nd period - Roope Hintz wins face-off versus Matthew Beniers in Winnipeg Jets zone.
11:11 of 2nd period - Off-side.
11:12 of 2nd period - Connor McDavid wins face-off versus Anze Kopitar in neutral zone.
11:39 of 2nd period - Minor Penalty to Kirill Kaprizov for Hooking.
11:40 of 2nd period - Connor McDavid wins face-off versus Logan Couture in Tampa Bay Lightning zone.
11:43 of 2nd period - Snap shot by Connor McDavid.
11:43 of 2nd period - Deflect By Lucas Raymond.
11:43 of 2nd period - Shot Misses the Net.
11:43 of 2nd period - Puck is out of play.
11:44 of 2nd period - Connor McDavid wins face-off versus Logan Couture in Tampa Bay Lightning zone.
11:51 of 2nd period - Wrist shot by Lucas Raymond.
11:51 of 2nd period - Stopped by Filip Gustavsson without a rebound.
11:52 of 2nd period - Barclay Goodrow wins face-off versus Dylan Cozens in Tampa Bay Lightning zone.
11:53 of 2nd period - Wrist shot by Nick Suzuki.
11:53 of 2nd period - Shot Misses the Net.
11:55 of 2nd period - Slapshot by Dylan Samberg.
11:55 of 2nd period - Deflect By Nick Suzuki.
11:55 of 2nd period - Winnipeg Jets goal is going for a video replay.
11:55 of 2nd period - The goal is refused. The net was displaced accidentally..
11:56 of 2nd period - Dylan Cozens wins face-off versus Nick Suzuki in Tampa Bay Lightning zone.
13:39 of 2nd period - Penalty to Kirill Kaprizov is over, Kirill Kaprizov is back on ice.
13:45 of 2nd period - Wrist shot by Logan Couture.
13:45 of 2nd period - Shot Blocked by Kaiden Guhle.
13:51 of 2nd period - Logan Couture is hit by Joel Armia and loses puck.
14:20 of 2nd period - Tomas Hertl is hit by Yegor Sharangovich and loses puck.
15:37 of 2nd period - Backhand shot by Matthew Beniers.
15:37 of 2nd period - Shot Blocked by Tomas Hertl.
15:39 of 2nd period - Wrist shot by Andrew Cogliano.
15:39 of 2nd period - Stopped by Filip Gustavsson without a rebound.
15:40 of 2nd period - Matthew Beniers wins face-off versus Tyler Toffoli in Tampa Bay Lightning zone.
15:41 of 2nd period - Wrist shot by Joel Armia.
15:41 of 2nd period - Stopped by Filip Gustavsson with a rebound.
15:43 of 2nd period - Slapshot by Dante Fabbro.
15:43 of 2nd period - Deflect By Joel Armia.
15:43 of 2nd period - Shot Blocked by Darnell Nurse.
15:43 of 2nd period - Puck is out of play.
15:44 of 2nd period - Andrew Cogliano wins face-off versus Tomas Hertl in Tampa Bay Lightning zone.
15:57 of 2nd period - Snap shot by Matthew Beniers.
15:57 of 2nd period - Stopped by Filip Gustavsson with a rebound.
15:59 of 2nd period - Snap shot by Matthew Beniers.
15:59 of 2nd period - Shot Misses the Net.
16:42 of 2nd period - Snap shot by Matthew Beniers.
16:42 of 2nd period - Shot Misses the Net.
16:46 of 2nd period - Slapshot by Matthew Beniers.
16:46 of 2nd period - Stopped by Filip Gustavsson without a rebound.
16:47 of 2nd period - Connor McDavid wins face-off versus Anze Kopitar in Tampa Bay Lightning zone.
17:14 of 2nd period - Michael Matheson is hit by Kaapo Kakko and loses puck.
17:43 of 2nd period - Nathan Beaulieu is hit by Moritz Seider.
18:15 of 2nd period - Gustav Nyquist is hit by Barclay Goodrow and loses puck.
18:26 of 2nd period - Sam Steel is hit by Hampus Lindholm and loses puck.
19:14 of 2nd period - Snap shot by Kaapo Kakko.
19:14 of 2nd period - Stopped by Filip Gustavsson with a rebound.
19:16 of 2nd period - Snap shot by Nick Suzuki.
19:16 of 2nd period - Deflect By Kirill Kaprizov.
19:16 of 2nd period - Stopped by Filip Gustavsson with a rebound.
19:22 of 2nd period - Minor Penalty to Kirill Kaprizov for Hooking.
19:23 of 2nd period - Nick Suzuki wins face-off versus Dylan Cozens in Tampa Bay Lightning zone.
19:24 of 2nd period - Snap shot by Kaapo Kakko.
19:24 of 2nd period - Shot Misses the Net.
Goals for this period are 1 for Tampa Bay Lightning vs 1 for Winnipeg Jets.
Shots for this period are 11 for Tampa Bay Lightning vs 13 for Winnipeg Jets.
3rd period
0:01 of 3rd period - Nick Suzuki wins face-off versus Gustav Nyquist in neutral zone.
0:04 of 3rd period - Slapshot by Kaapo Kakko.
0:04 of 3rd period - Deflect By Barclay Goodrow.
0:04 of 3rd period - Shot Misses the Net.
0:04 of 3rd period - Puck is out of play.
0:05 of 3rd period - Logan Couture wins face-off versus Kaapo Kakko in Tampa Bay Lightning zone.
0:34 of 3rd period - Snap shot by Logan Couture.
0:34 of 3rd period - Stopped by Spencer Knight with a rebound.
1:22 of 3rd period - Penalty to Kirill Kaprizov is over, Kirill Kaprizov is back on ice.
1:55 of 3rd period - Snap shot by Sam Steel.
1:55 of 3rd period - Stopped by Filip Gustavsson without a rebound.
1:56 of 3rd period - Tomas Hertl wins face-off versus Nick Suzuki in Tampa Bay Lightning zone.
2:09 of 3rd period - Slapshot by Kaapo Kakko.
2:09 of 3rd period - Stopped by Filip Gustavsson without a rebound.
2:10 of 3rd period - Anze Kopitar wins face-off versus Connor McDavid in Tampa Bay Lightning zone.
2:17 of 3rd period - Slapshot by Hampus Lindholm.
2:17 of 3rd period - Shot Misses the Net.
2:27 of 3rd period - Kirill Kaprizov is hit by Lucas Raymond and loses puck.
2:48 of 3rd period - Slapshot by Joel Armia.
2:48 of 3rd period - Stopped by Filip Gustavsson with a rebound.
2:50 of 3rd period - Snap shot by Andrew Cogliano.
2:50 of 3rd period - Stopped by Filip Gustavsson without a rebound.
2:51 of 3rd period - Logan Couture wins face-off versus Nick Suzuki in Tampa Bay Lightning zone.
2:51 of 3rd period - Logan Couture is hit by Barclay Goodrow.
3:05 of 3rd period - Wrist shot by Kaapo Kakko.
3:05 of 3rd period - Stopped by Filip Gustavsson with a rebound.
3:35 of 3rd period - Gustav Nyquist is hit by Calen Addison and loses puck.
3:52 of 3rd period - Wrist shot by Connor McDavid.
3:52 of 3rd period - Shot Hit the Post.
3:54 of 3rd period - Slapshot by Alex DeBrincat.
3:54 of 3rd period - Deflect By Connor McDavid.
3:54 of 3rd period - Stopped by Filip Gustavsson without a rebound.
3:55 of 3rd period - Logan Couture wins face-off versus Nick Suzuki in Tampa Bay Lightning zone.
4:00 of 3rd period - Slapshot by Michael Matheson.
4:00 of 3rd period - Stopped by Spencer Knight without a rebound.
4:01 of 3rd period - Nick Suzuki wins face-off versus Logan Couture in Winnipeg Jets zone.
4:23 of 3rd period - Icing by Ryan Graves.
4:24 of 3rd period - Anze Kopitar wins face-off versus Matthew Beniers in Tampa Bay Lightning zone.
4:33 of 3rd period - Wrist shot by Johnny Gaudreau.
4:33 of 3rd period - Stopped by Spencer Knight with a rebound.
4:35 of 3rd period - Slapshot by Ryan Graves.
4:35 of 3rd period - Shot Blocked by Nathan Beaulieu.
4:37 of 3rd period - Snap shot by Kirill Kaprizov.
4:37 of 3rd period - Stopped by Spencer Knight with a rebound.
5:11 of 3rd period - Snap shot by Nick Suzuki.
5:11 of 3rd period - Shot Misses the Net.
5:14 of 3rd period - Icing by Ryan Graves.
5:15 of 3rd period - Roope Hintz wins face-off versus Kaapo Kakko in Tampa Bay Lightning zone.
5:28 of 3rd period - Wrist shot by Gustav Nyquist.
5:28 of 3rd period - Stopped by Spencer Knight with a rebound.
5:30 of 3rd period - Wrist shot by Ryan Graves.
5:30 of 3rd period - Stopped by Spencer Knight with a rebound.
5:38 of 3rd period - Snap shot by Trevor Moore.
5:38 of 3rd period - Deflect By Gustav Nyquist.
5:38 of 3rd period - Stopped by Spencer Knight with a rebound.
5:40 of 3rd period - Slapshot by Michael Matheson.
5:40 of 3rd period - Stopped by Spencer Knight without a rebound.
5:41 of 3rd period - Connor McDavid wins face-off versus Logan Couture in Winnipeg Jets zone.
5:54 of 3rd period - Snap shot by Connor McDavid.
5:54 of 3rd period - Shot Misses the Net.
5:56 of 3rd period - Wrist shot by Lucas Raymond.
5:56 of 3rd period - Shot Misses the Net.
5:58 of 3rd period - Backhand shot by Nathan Beaulieu.
5:58 of 3rd period - Stopped by Filip Gustavsson without a rebound.
5:59 of 3rd period - Anze Kopitar wins face-off versus Nick Suzuki in Tampa Bay Lightning zone.
6:04 of 3rd period - Snap shot by Nick Suzuki.
6:04 of 3rd period - Shot Misses the Net.
6:24 of 3rd period - Travis Konecny is hit by Lucas Raymond and loses puck.
6:51 of 3rd period - Trevor Moore is hit by Joel Armia and loses puck.
7:11 of 3rd period - Off-side.
7:12 of 3rd period - Nick Suzuki wins face-off versus Anze Kopitar in neutral zone.
7:38 of 3rd period - Minor Penalty to Barclay Goodrow for Holding Stick.
7:39 of 3rd period - Connor McDavid wins face-off versus Anze Kopitar in Winnipeg Jets zone.
8:05 of 3rd period - Dylan Samberg is hit by Johnny Gaudreau.
8:53 of 3rd period - Dante Fabbro is hit by Moritz Seider and loses puck.
9:38 of 3rd period - Penalty to Barclay Goodrow is over, Barclay Goodrow is back on ice.
9:45 of 3rd period - Trevor Moore is hit by Jordan Harris.
9:51 of 3rd period - Yegor Sharangovich is hit by Hampus Lindholm.
10:13 of 3rd period - Hampus Lindholm is hit by Andrew Cogliano and loses puck.
10:45 of 3rd period - John Hayden is hit by Hampus Lindholm and loses puck.
11:26 of 3rd period - Vladislav Gavrikov is hit by Connor McDavid and loses puck.
12:04 of 3rd period - Snap shot by Matthew Beniers.
12:04 of 3rd period - Deflect By Michael Matheson.
12:04 of 3rd period - Shot Misses the Net.
12:04 of 3rd period - Puck is out of play.
12:05 of 3rd period - Nick Suzuki wins face-off versus Anze Kopitar in Tampa Bay Lightning zone.
12:10 of 3rd period - Wrist shot by Nick Suzuki.
12:10 of 3rd period - Shot Misses the Net.
12:12 of 3rd period - Wrist shot by Kaapo Kakko.
12:12 of 3rd period - Shot Blocked by Kirill Kaprizov.
12:14 of 3rd period - Slapshot by Kaiden Guhle.
12:14 of 3rd period - Shot Blocked by Kirill Kaprizov.
12:40 of 3rd period - Joel Armia is hit by Logan Couture and loses puck.
12:51 of 3rd period - Trevor Moore is hit by Alex DeBrincat and loses puck.
12:58 of 3rd period - Snap shot by Connor McDavid.
12:58 of 3rd period - Stopped by Filip Gustavsson with a rebound.
13:00 of 3rd period - Slapshot by Calen Addison.
13:00 of 3rd period - Stopped by Filip Gustavsson with a rebound.
13:04 of 3rd period - Wrist shot by Lucas Raymond.
13:04 of 3rd period - Shot Blocked by Roope Hintz.
14:37 of 3rd period - Snap shot by Joel Armia.
14:37 of 3rd period - Shot Misses the Net.
15:16 of 3rd period - Minor Penalty to Michael Matheson for Holding.
15:17 of 3rd period - Logan Couture wins face-off versus Nick Suzuki in Tampa Bay Lightning zone.
17:05 of 3rd period - Anze Kopitar is hit by Dylan Samberg and loses puck.
17:16 of 3rd period - Penalty to Michael Matheson is over, Michael Matheson is back on ice.
17:18 of 3rd period - Slapshot by Darnell Nurse.
17:18 of 3rd period - Stopped by Spencer Knight with a rebound.
17:20 of 3rd period - Slapshot by Vladislav Gavrikov.
17:20 of 3rd period - Stopped by Spencer Knight with a rebound.
17:24 of 3rd period - Wrist shot by Michael Matheson.
17:24 of 3rd period - Stopped by Spencer Knight with a rebound.
17:26 of 3rd period - Slapshot by Vladislav Gavrikov.
17:26 of 3rd period - Shot Misses the Net.
17:28 of 3rd period - Slapshot by Darnell Nurse.
17:28 of 3rd period - Stopped by Spencer Knight with a rebound.
17:30 of 3rd period - Snap shot by Logan Couture.
17:30 of 3rd period - Stopped by Spencer Knight without a rebound.
17:31 of 3rd period - Sam Steel wins face-off versus Anze Kopitar in Winnipeg Jets zone.
17:58 of 3rd period - Matthew Beniers is hit by Travis Konecny and loses puck.
18:20 of 3rd period - Ryan Graves is hit by Dante Fabbro and loses puck.
18:27 of 3rd period - Vladislav Gavrikov is hit by Nick Suzuki and loses puck.
19:04 of 3rd period - Ryan Graves is hit by Alex DeBrincat and loses puck.
Goals for this period are 0 for Tampa Bay Lightning vs 0 for Winnipeg Jets.
Shots for this period are 13 for Tampa Bay Lightning vs 9 for Winnipeg Jets.
Overtime #1
0:01 of 1st overtime period - Connor McDavid wins face-off versus Anze Kopitar in neutral zone.
0:26 of 1st overtime period - Dante Fabbro is hit by Darnell Nurse.
0:30 of 1st overtime period - Wrist shot by Lucas Raymond.
0:30 of 1st overtime period - Stopped by Filip Gustavsson without a rebound.
0:31 of 1st overtime period - Tomas Hertl wins face-off versus Alex DeBrincat in Tampa Bay Lightning zone.
1:10 of 1st overtime period - Nick Suzuki is hit by Logan Couture and loses puck.
1:28 of 1st overtime period - Icing by Dylan Samberg.
1:29 of 1st overtime period - Anze Kopitar wins face-off versus Alex DeBrincat in Winnipeg Jets zone.
2:13 of 1st overtime period - Logan Couture is hit by Alex DeBrincat and loses puck.
2:38 of 1st overtime period - Nick Suzuki is hit by Darnell Nurse and loses puck.
4:02 of 1st overtime period - Snap shot by Gustav Nyquist.
4:02 of 1st overtime period - Stopped by Spencer Knight with a rebound.
4:47 of 1st overtime period - Joel Armia is hit by Trevor Moore and loses puck.
Goals for this period are 0 for Tampa Bay Lightning vs 0 for Winnipeg Jets.
Shots for this period are 1 for Tampa Bay Lightning vs 1 for Winnipeg Jets.
ShootOut
5:00 of 1st overtime period - Round #1.
5:00 of 1st overtime period - Tampa Bay Lightning, Gustav Nyquist.
5:00 of 1st overtime period - Snap shot by Gustav Nyquist.
5:00 of 1st overtime period - Stopped by Spencer Knight.
5:00 of 1st overtime period - Winnipeg Jets, Connor McDavid.
5:00 of 1st overtime period - Snap shot by Connor McDavid.
5:00 of 1st overtime period - Stopped by Filip Gustavsson.
5:00 of 1st overtime period - Round #2.
5:00 of 1st overtime period - Tampa Bay Lightning, Kirill Kaprizov.
5:00 of 1st overtime period - Wrist shot by Kirill Kaprizov.
5:00 of 1st overtime period - Goal by Kirill Kaprizov.
5:00 of 1st overtime period - Winnipeg Jets, Nick Suzuki.
5:00 of 1st overtime period - Snap shot by Nick Suzuki.
5:00 of 1st overtime period - Shot Misses the Net.
5:00 of 1st overtime period - Round #3.
5:00 of 1st overtime period - Tampa Bay Lightning, Logan Couture.
5:00 of 1st overtime period - Wrist shot by Logan Couture.
5:00 of 1st overtime period - Stopped by Spencer Knight.
5:00 of 1st overtime period - Winnipeg Jets, Alex DeBrincat.
5:00 of 1st overtime period - Deke by Alex DeBrincat.
5:00 of 1st overtime period - Shot Misses the Net.
Back to the Top